 Dungeon Crawl Stone Soup version bcrawl-1.27.6 (webtiles) character file.

Game seed: 15292435459031875954

437272 Faustar the Warrior (level 15, -1/108 HPs)
             Began as a Gargoyle Fighter on Oct 8, 2020.
             Was the Champion of Jiyva.
             Slain by a white ugly thing (7 damage)
             ... on level 12 of the Dungeon.
             The game lasted 01:02:39 (23995 turns).

Faustar the Warrior (Gargoyle Fighter)             Turns: 23995, Time: 01:02:40

Health: -1/108     AC: 34    Str: 24    XL:     15   Next: 46%
Magic:  15/15      EV:  8    Int:  6    God:    Jiyva [******]
Gold:   1514       SH:  0    Dex:  9    Spells: 14/14 levels left

rFire    x . .     SeeInvis .   O - +0 great mace
rCold    + . .     Gourm    .   (shield currently unavailable)
rNeg     + . .     Faith    .   D - +0 plate armour
rPois    ∞         Spirit   .   y - +2 helmet
rElec    +         Reflect  .   o - scarf {repulsion}
rCorr    +         Harm     .   x - +2 pair of gloves
MR       ++++.                  (no boots)
Stlth    ..........             L - amulet of magic regeneration
HPRegen  0.28/turn              g - ring of protection from magic
MPRegen  0.39/turn              J - ring "Zev Mumozo" {Ice rPois MR++ Str-3 Int-2}

@: flying, repel missiles
A: big wings, negative energy resistance 1, electricity resistance, unbreathing,
gelatinous body 1, translucent skin 1, petrification resistance, rot immunity,
AC +11
a: Stop Flying, Request Jelly, Evolve, Slimify, Cure Bad Mutation, Renounce
Religion


You were on level 12 of the Dungeon.
You worshipped Jiyva.
Jiyva was exalted by your worship.
You were hungry.

You visited 3 branches of the dungeon, and saw 19 of its levels.

You collected 1514 gold pieces.

Inventory:

Hand Weapons
 a - a +0 flail
 E - a +2 flail of holy wrath
 O - a +0 great mace (weapon)
Missiles
 N - 3 throwing nets {=f}
Armour
 b - a +0 scale mail
 c - a +0 medium shield
 o - a scarf of repulsion (worn)
 x - a +2 pair of gloves (worn)
 y - a +2 helmet (worn)
 D - a +0 plate armour (worn)
 R - the +2 scale mail of Reason {SInv, unknown}
   (You found it on level 12 of the Dungeon)

   It lets you see invisible.
Jewellery
 g - a ring of protection from magic (left hand)
 z - an uncursed ring of protection from magic
 F - an uncursed ring of resist corrosion
 J - the ring "Zev Mumozo" (right hand) {Ice rPois MR++ Str-3 Int-2}
   (You found it on level 5 of the Lair of Beasts)

   [ring of ice]

   It enhances your ice magic.
   It affects your strength (-3).
   It affects your intelligence (-2).
   It makes you vulnerable to fire.
   It protects you from cold.
   It protects you from poison.
   It affects your resistance to hostile enchantments.
 L - an amulet of magic regeneration (around neck)
 M - a cursed amulet of faith {unknown}
 T - a +6 ring of dexterity {unknown}
Wands
 p - a wand of acid (8)
 Q - a wand of polymorph (9)
 W - a wand of random effects (9)
Scrolls
 f - 7 scrolls of magic mapping
 h - 3 scrolls of fog
 i - 2 scrolls of vulnerability
 k - 6 scrolls of identify
 n - 12 scrolls of remove curse
 q - 2 scrolls of immolation
 r - 6 scrolls of teleportation
 s - 3 scrolls of enchant weapon
 t - a scroll of fear
 u - 3 scrolls of enchant armour
 v - 2 scrolls of amnesia
 B - a scroll of summoning
 C - 3 scrolls of blinking
Potions
 d - 4 potions of might
 j - 3 potions of flight
 l - 4 potions of brilliance
 m - 7 potions of curing
 A - 2 potions of degeneration
 G - 2 potions of haste
 H - a potion of agility
 I - 4 potions of mutation
 K - a potion of lignification
 S - a potion of heal wounds
 U - a potion of berserk rage {unknown}
Miscellaneous
 w - a phial of floods
 P - a sack of spiders
 V - a lamp of fire
Comestibles
 e - 33 rations {!d}


   Skills:
 + Level 18.2 Fighting
 + Level 18.0 Maces & Flails
 - Level 9.1 Armour
 - Level 3.2 Shields


You had 14 spell levels left.
You didn't know any spells.
Your spell library contained the following spells:

 Spells                   Type           Power        Failure   Level  Hunger
 Throw Frost              Conj/Ice       #.....       96%         2    ####...
 Apportation              Tloc           #.....       99%         1    None
 Blink Other              Tloc           #.....       99%         1    None
 Freeze                   Ice            #.....       99%         1    None
 Magic Dart               Conj           #...         99%         1    None
 Blink                    Tloc           N/A          100%        2    ####...
 Searing Ray              Conj           #.......     100%        2    ####...
 Confuse                  Hex            #.......     100%        3    #####..
 Dazzling Orbs            Conj/Hex       #......      100%        3    #####..
 Iskenderun's Mystic Bla  Conj           #.......     100%        3    #####..
 Ozocubu's Armour         Chrm/Ice       #.......     100%        3    #####..
 Portal Projectile        Tloc           #.....       100%        3    #####..
 Teleport Other           Tloc           #.......     100%        3    #####..
 Animate Dead             Necr           N/A          100%        4    ######.
 Fulminant Prism          Conj/Hex       #.........   100%        4    ######.
 Ice Form                 Ice/Tmut       #.......     100%        4    ######.
 Petrify                  Tmut/Erth      #.........   100%        4    ######.
 Summon Ice Beast         Ice/Summ       #.......     100%        4    ######.
 Throw Icicle             Conj/Ice       #.......     100%        4    ######.
 Yara's Violent Unravell  Hex/Tmut       #.........   100%        4    ######.
 Irradiate                Conj/Tmut      #.........   100%        5    #######
 Metabolic Englaciation   Hex/Ice        #.........   100%        5    #######
 Passage of Golubria      Tloc           N/A          100%        5    #######
 Poison Arrow             Conj/Pois      #.........   100%        6    #######
 Mana Rupture             Conj/Hex       #.........   100%        7    #######
 Sublimation of Blood     Necr           Unusable     N/A         2    N/A

Dungeon Overview and Level Annotations

Branches:
Dungeon (12/12)            Temple (1/1) D:7            Lair (6/6) D:8
  Swamp (0/3) Lair:4       Spider (0/3) Lair:4        Slime (0/5) Lair:5
    Orc (0/1) D:11         Vaults (0/3) D:12
 Depths: D:12

Altars:
Ashenzari
Cheibriados
Dithmenos
Elyvilon
Fedhas
Gozag
Hepliaklqana
Kikubaaqudgha
Lugonu
Makhleb
Nemelex Xobeh
Okawaru
Qazlal
Ru
Sif Muna
Trog
Uskayaw
Vehumet
Wu Jian
Xom
Yredelemnul
Zin
The Shining One
Jiyva

Shops:
D:7 *   D:8 %   D:10 :   D:11 (

Annotations:
Lair:1 1 runed translucent door, yrara's ghost, journeyman DsFi


Innate Abilities, Weirdness & Mutations

You are resistant to torment.
Your stone body is resilient. (AC +11)
You are immune to poison.
Your large and strong wings let you fly indefinitely.
You resist negative energy. (rN+)
You are resistant to electric shocks. (rElec)
You can survive without breathing.
You are immune to petrification.
You are immune to rotting.
Your rubbery body absorbs attacks. (AC +1, EV +1)
Your translucent skin slightly reduces your foes' accuracy. (Stealth)


Message History

You beat the freezing wraith like a drum!!!
You destroy the freezing wraith!
Jiyva accepts your kill.
You barely miss the wraith. You bludgeon the white ugly thing!!
The white ugly thing is moderately wounded.
The white ugly thing completely misses you.
Evoke which item? (* to show all) (? for menu, Esc to quit)
Aiming: Corrosive Bolt
Press: ? - help, Shift-Dir - straight line, f - white ugly thing
Aim: a white ugly thing (moderately wounded)
The bolt of acid hits the white ugly thing!
The white ugly thing is splashed with acid.
The acid corrodes the white ugly thing!
The white ugly thing is severely wounded.
The bolt of acid hits the wraith!
The wraith is splashed with acid.
The acid corrodes the wraith!
The wraith is heavily damaged.
The white ugly thing stings you!
You die...

#..........##........
#.##..#######........
#.....# #........
####..#######........
#..............###
#..............
#......... #)#######.
#@# #u# #W# #.. #...
#.... #..... #......
#.......


You could see a white ugly thing and a wraith.

Vanquished Creatures
  Gastronok (Lair:2)
  A dire elephant (D:12)
  4 vault guards (D:12)
  7 hydras
  An anaconda (Lair:6)
  Erolcha (D:10)
  An ogre mage (D:12)
  2 two-headed ogres
  A catoblepas (Lair:5)
  A death knight (D:12)
  Erica (D:9)
  An alligator (Lair:5)
  6 death yaks
  Nergalle (D:10)
  A deep elf knight (D:12)
  A goliath frog (Lair:6)
  5 skeletal warriors
  2 cyclopes
  2 deep elf archers (D:12)
  2 orc knights (D:12)
  A deep elf mage (D:11)
  A wolf spider (D:12)
  A cyclops (shapeshifter) (D:8)
  3 ugly things
  A salamander (D:12)
  3 manticores
  A moth of wrath (D:12)
  4 elephants
  A gargoyle (D:12)
  20 cane toads
  4 rime drakes
  2 freezing wraiths (D:12)
  A yaktaur (D:8)
  6 komodo dragons
  A tengu conjurer (D:12)
  A troll (D:8)
  3 jumping spiders (Lair:4)
  2 queen bees
  A tyrant leech (Lair:6)
  27 blink frogs
  4 hippogriffs
  2 bog bodies (Lair:4)
  2 wraiths
  A redback (Lair:3)
  32 yaks
  A shadow (D:12)
  A vampire (D:11)
  2 wyverns
  A hungry ghost (D:10)
  6 basilisks
  7 vampire mosquitoes
  Menkaure (D:5)
  A swamp worm (Lair:4)
  4 wargs (D:10)
  5 water moccasins
  7 crocodiles
  An acid dragon (D:8)
  5 soldier ants
  15 porcupines
  A black bear (shapeshifter) (D:12)
  An ice beast (D:11)
  2 black bears
  5 sky beasts
  A necrophage (D:9)
  13 orc warriors
  4 phantoms
  7 ogres
  4 centaurs
  9 wolves
  A blink frog skeleton (D:10)
  12 bullfrogs
  2 big kobolds
  Blork the orc (D:4)
  2 wyvern skeletons
  4 scorpions
  49 killer bees
  11 wights
  8 howler monkeys
  An electric eel (Lair:4)
  8 crimson imps
  5 centaur zombies
  A gnoll shaman (D:10)
  4 hounds
  3 centaur skeletons
  7 orc priests
  Crazy Yiuf (D:2)
  12 jellies
  14 orc wizards
  4 bullfrog skeletons
  5 iguanas
  13 worker ants
  A worker ant zombie (D:7)
  7 adders
  4 gnolls (D:10)
  3 shadow imps
  6 oozes
  An adder skeleton (D:4)
  4 worms
  6 dart slugs
  8 leopard geckos
  32 orcs
  3 giant cockroaches
  11 goblins
  8 hobgoblins
  10 jackals
  7 kobolds
  4 quokkas
  7 bats
  4 frilled lizards
  A jackal skeleton (D:8)
  4 rats
570 creatures vanquished.

Vanquished Creatures (collateral kills)
  A hydra (Lair:6)
1 creature vanquished.

Vanquished Creatures (others)
  An elephant (Lair:6)
  2 cane toads (Lair:6)
  2 blink frogs (Lair:6)
  2 soldier ants (Lair:6)
  2 bullfrogs (Lair:6)
  26 jellies
  An orc wizard (D:8)
  3 bushes
  36 fungi
  74 plants
149 creatures vanquished.

Grand Total: 720 creatures vanquished

Notes
Turn   | Place    | Note
-------+----------+-------------------------------------------
     0 | D:1      | Faustar the Gargoyle Fighter began the quest for the Orb.
     0 | D:1      | Reached XP level 1. HP: 14/14 MP: 1/1
   153 | D:1      | Reached XP level 2. HP: 19/19 MP: 2/2
   519 | D:1      | Reached XP level 3. HP: 24/24 MP: 3/3
  1444 | D:2      | Reached XP level 4. HP: 30/30 MP: 4/4
  1640 | D:2      | Found a runed door.
  1755 | D:2      | Found a bloodstained altar of Trog.
  2234 | D:2      | Noticed Crazy Yiuf
  2238 | D:2      | Paralysed by Crazy Yiuf for 2 turns
  2247 | D:2      | Killed Crazy Yiuf
  2370 | D:3      | Noticed a phantom
  2387 | D:3      | Noticed an ogre
  2422 | D:3      | Reached XP level 5. HP: 22/34 MP: 5/5
  2423 | D:3      | Reached skill level 5 in Fighting
  2692 | D:3      | Killed an ogre
  2692 | D:3      | Reached XP level 6. HP: 4/41 MP: 6/6
  2718 | D:3      | Killed a phantom
  2718 | D:3      | Reached skill level 5 in Maces & Flails
  3139 | D:3      | Reached XP level 7. HP: 47/47 MP: 7/7
  3382 | D:4      | Noticed Blork the orc
  3388 | D:4      | Killed Blork the orc
  3836 | D:4      | Reached XP level 8. HP: 52/53 MP: 8/8
  3856 | D:4      | Found a sacrificial altar of Ru.
  3980 | D:4      | Found a shattered altar of Ashenzari.
  4380 | D:5      | Entered Level 5 of the Dungeon
  4427 | D:5      | Found a blossoming altar of Fedhas.
  4509 | D:5      | Noticed Menkaure
  4541 | D:5      | Killed Menkaure
  4847 | D:5      | Found a shimmering blue altar of Sif Muna.
  4847 | D:5      | Found a burning altar of Makhleb.
  4849 | D:5      | Found a corrupted altar of Lugonu.
  4855 | D:5      | Found a hide-covered altar of Uskayaw.
  4857 | D:5      | Found a sparkling altar of Nemelex Xobeh.
  4857 | D:5      | Found a radiant altar of Vehumet.
  4857 | D:5      | Found a glowing silver altar of Zin.
  4857 | D:5      | Found an opulent altar of Gozag.
  4857 | D:5      | Found a shimmering altar of Xom.
  4858 | D:5      | Found a hazy altar of Hepliaklqana.
  4862 | D:5      | Found an iron altar of Okawaru.
  5442 | D:6      | Reached XP level 9. HP: 12/60 MP: 9/9
  5644 | D:6      | Found an ancient bone altar of Kikubaaqudgha.
  5681 | D:6      | Identified Cerucwif's Compendium of Lethal Dark Secrets
  5739 | D:6      | Reached skill level 10 in Fighting
  6337 | D:7      | Found a staircase to the Ecumenical Temple.
  6349 | Temple   | Entered the Ecumenical Temple
  6453 | Temple   | Reached skill level 10 in Maces & Flails
  6453 | Temple   | Reached XP level 10. HP: 36/68 MP: 10/10
  6533 | Temple   | Reached skill level 5 in Armour
  7256 | D:7      | Found Ashuta Etio's Assorted Antiques.
  7573 | D:8      | Found a staircase to the Lair.
  7588 | Lair:1   | Entered Level 1 of the Lair of Beasts
  7588 | Lair:1   | Noticed a cane toad
  7612 | Lair:1   | Found a runed translucent door.
  7613 | Lair:1   | Found a shimmering altar of Xom.
  7613 | Lair:1   | Noticed yrara's ghost (journeyman DsFi)
  7613 | Lair:1   | Noticed a +0 scimitar of chaos
  8060 | Lair:1   | Killed a cane toad
  8060 | Lair:1   | Reached XP level 11. HP: 65/73 MP: 11/11
  9727 | Lair:2   | Got a twisted ring mail
  9772 | Lair:2   | Noticed Gastronok
  9791 | Lair:2   | Killed Gastronok
 10821 | Lair:2   | Reached XP level 12. HP: 61/81 MP: 12/12
 12101 | Lair:4   | Noticed a four-headed hydra
 12110 | Lair:4   | Noticed a death yak
 12120 | Lair:4   | Killed a four-headed hydra
 12412 | Lair:4   | Noticed a death yak
 12424 | Lair:4   | Noticed a death yak
 12451 | Lair:4   | Killed a death yak
 12459 | Lair:4   | Noticed a death yak
 12670 | Lair:4   | Noticed a six-headed hydra
 12681 | Lair:4   | Killed a six-headed hydra
 12779 | Lair:4   | Noticed a death yak
 12814 | Lair:4   | Killed a death yak
 12881 | Lair:4   | Noticed a death yak
 12900 | Lair:3   | Killed a death yak
 13027 | Lair:4   | Noticed a four-headed hydra
 13436 | Lair:4   | Killed a four-headed hydra
 13436 | Lair:4   | Reached XP level 13. HP: 58/90 MP: 13/13
 13633 | Lair:4   | Found a hole to the Spider Nest.
 14128 | Lair:3   | Reached skill level 15 in Maces & Flails
 14494 | Lair:4   | Found a staircase to the Swamp.
 14506 | Lair:4   | HP: 4/91 [electric eel/bolt of electricity (1)]
 14813 | Lair:5   | Got a crude marble ring
 15397 | Lair:5   | Found a staircase to the Slime Pits.
 15397 | Lair:5   | Found a viscous altar of Jiyva.
 15438 | Lair:5   | Became a worshipper of Jiyva Jiecim the Shapeless
 15639 | Lair:5   | Reached skill level 15 in Fighting
 16218 | Lair:6   | Entered Level 6 of the Lair of Beasts
 16754 | Lair:6   | HP: 3/92 [bullfrog (4)]
 16765 | Lair:6   | HP: 1/93 [blink frog (10)]
 16968 | Lair:6   | Reached ** piety under Jiyva
 17103 | Lair:6   | Gained mutation: You have a small jelly attached to you
                  | that may absorb incoming projectiles. [Jiyva's grace]
 17144 | Lair:6   | Gained mutation: Your large and strong wings let you fly
                  | indefinitely. [Gargoyle growth]
 17144 | Lair:6   | Reached XP level 14. HP: 99/99 MP: 14/14
 17483 | Lair:6   | Noticed an entropy weaver
 17484 | Lair:6   | Noticed an entropy weaver
 17808 | Lair:6   | Reached *** piety under Jiyva
 18135 | D:8      | Gained mutation: Your rubbery body absorbs attacks. (AC +1,
                  | EV +1) [Jiyva's grace]
 18535 | D:8      | Found Sacanuth's Food Shoppe.
 18733 | D:8      | Reached **** piety under Jiyva
 18745 | D:8      | HP: 4/100 [manticore (7)]
 18753 | D:8      | HP: 2/100 [wyvern skeleton (6)]
 19554 | D:9      | Noticed Erica
 19590 | D:9      | Killed Erica
 19803 | D:9      | Gained mutation: Your muscles are strong. (Str +2) [Jiyva's
                  | grace]
 20272 | D:9      | Identified the ring "Zev Mumozo" {Ice rPois MR++ Str-3
                  | Int-2} (You found it on level 5 of the Lair of Beasts)
 20443 | D:9      | Reached ***** piety under Jiyva
 20655 | D:10     | Entered Level 10 of the Dungeon
 20677 | D:10     | Noticed Erolcha
 20688 | D:10     | Killed Erolcha
 20828 | D:10     | Gained mutation: Your translucent skin slightly reduces
                  | your foes' accuracy. (Stealth) [Jiyva's grace]
 21232 | D:10     | Noticed Nergalle
 21245 | D:10     | Killed Nergalle
 21499 | D:10     | Found Anuuguce's Book Shoppe.
 21804 | D:11     | Found a staircase to the Orcish Mines.
 21818 | D:11     | Lost mutation: You have a small jelly attached to you that
                  | may absorb incoming projectiles. [Jiyva's grace]
 21828 | D:11     | Found Biucaf's Weapon Boutique.
 22911 | D:12     | Entered Level 12 of the Dungeon
 22930 | D:12     | Got a buzzing scale mail
 22974 | D:12     | Reached XP level 15. HP: 107/107 MP: 15/15
 23049 | D:12     | Lost mutation: Your muscles are strong. (Str +2) [Jiyva's
                  | grace]
 23657 | D:12     | Found a gate to the Vaults.
 23971 | D:12     | Reached ****** piety under Jiyva
 23987 | D:12     | HP: 3/108 [white ugly thing (16)]
 23995 | D:12     | Slain by a white ugly thing

Skill      XL: |  1  2  3  4  5  6  7  8  9 10 11 12 13 14 15 |
---------------+----------------------------------------------+-----
Fighting       | 4 5 6 7 9 10 12 14 15 17 18 | 18.2
Maces & Flails | 3 4 5 6 8 10 11 13 14 16 17 18 | 18.0
Armour         | 4 8 9 |  9.1
Shields        | |  3.2

Action                   |  1- 3 |  4- 6 |  7- 9 | 10-12 | 13-15 || total
-------------------------+-------+-------+-------+-------+-------++-------
Melee: Flail             |   164 |   188 |   397 |  1009 |  1230 ||  2988
       Great mace        |       |       |       |       |   381 ||   381
Invok: Request Jelly     |       |       |       |       |     1 ||     1
 Abil: Fly               |       |       |       |       |     1 ||     1
Evoke: Wand              |       |     8 |     3 |    25 |    21 ||    57
       Phial of floods   |       |       |       |     1 |     1 ||     2
       Phantom mirror    |       |       |       |       |     1 ||     1
       Sack of spiders   |       |       |       |       |     2 ||     2
  Use: Potion            |       |     1 |     1 |     6 |    16 ||    24
       Scroll            |       |       |       |    12 |    14 ||    26
 Stab: Petrified         |       |       |       |     6 |       ||     6
       Distracted        |       |       |       |     1 |       ||     1
  Eat: Chunk             |     6 |    12 |    17 |    30 |    49 ||   114
       Ration            |       |       |     1 |     3 |     7 ||    11
Armor: Scale mail        |    12 |       |       |       |       ||    12
       Chain mail        |   125 |   136 |   221 |       |       ||   482
       Skin              |       |       |     6 |       |    32 ||    38
       Plate armour      |       |       |    61 |  1150 |  1334 ||  2545
Dodge: Dodged            |    99 |    79 |   164 |   526 |   583 ||  1451
       Deflected         |       |       |     3 |     4 |    36 ||    43
Block: Medium shield     |     4 |       |       |       |       ||     4
